 Dungeon Crawl Stone Soup version 0.18-a0-902-g8738618 (webtiles) character file.

233 Jmtri7 the Charlatan (level 6, -24/43 HPs)
             Began as a Formicid Artificer on Dec 24, 2015.
             Killed from afar by Harold (41 damage)
             ... with a bolt of fire
             ... on level 12 of the Dungeon on Dec 25, 2015.
             The game lasted 00:02:25 (237 turns).

Jmtri7 the Charlatan (Formicid Artificer)            Turns: 237, Time: 00:02:25

Health: -24/43     AC:  3    Str: 22    XL:     6   Next: 26%
Magic:  8/11       EV: 12    Int: 11    God:
Gold:   0          SH:  0    Dex: 11    Spells: 0 memorised, 5 levels left

rFire  . . .     SeeInvis +     h - +0 hand axe
rCold  . . .     Gourm    .     a - +1 robe of Desa {rN++ MR+ Str+4 Stlth-}
rNeg   + + .     Faith    .     (no shield)
rPois  .         Spirit   .     (helmet unavailable)
rElec  .         Dismiss  .     (no cloak)
rCorr  .         Reflect  .     (no gloves)
SustAt .         Harm     .     (no boots)
MR     +....                    (no amulet)
Stlth  +.........               (no ring)
                                (no ring)

@: somewhat resistant to hostile enchantments, very unstealthy
A: permanent stasis, dig shafts and tunnels, four strong arms, antennae 3
a: Dig, Shaft Self


You were on level 12 of the Dungeon.
You were not hungry.

You visited 1 branch of the dungeon, and saw 6 of its levels.

Inventory:

Hand Weapons
 h - a +0 hand axe (weapon)
 k - a +3 eveningstar
Missiles
 l - 4 throwing nets (quivered)
Armour
 a - the +1 robe of Desa (worn) {rN++ MR+ Str+4 Stlth-}
   (You found it on level 12 of the Dungeon)

   It affects your strength (+4).
   It greatly protects you from negative energy.
   It affects your resistance to hostile enchantments.
   It makes you less stealthy.
 g - a +0 chain mail
 m - a +0 chain mail of poison resistance
Wands
 b - a wand of confusion (27/48)
 c - a wand of flame (15/48)
 d - a wand of enslavement (9/24)
 e - a wand of random effects (15/48)
Potions
 j - a potion of cancellation {unknown}
Books
 n - a book of Changes

   Spells                             Type                      Level
   a - Beastly Appendage              Transmutation                1
   b - Sticks to Snakes               Transmutation                2
   c - Spider Form                    Transmutation/Poison         3
   d - Ice Form                       Ice/Transmutation            4
   e - Blade Hands                    Transmutation                5
Comestibles
 f - a bread ration
 i - a slice of pizza


   Skills:
 - Level 1.1 Fighting
   Level 1.0 Short Blades
 - Level 1.7 Dodging
 - Level 1.2 Stealth
 + Level 7.2 Evocations


You had 5 spell levels left.
You didn't know any spells.

Dungeon Overview and Level Annotations

Branches:
Dungeon (1/15)

Altars:

Annotations:
D:12 Harold


Innate Abilities, Weirdness & Mutations

You are under a permanent stasis effect.
You can dig through walls and to a lower floor.
Your four strong arms can wield two-handed weapons with a shield.
You have a pair of large antennae on your head (SInv).


Message History

Harold is charmed.
This wand has 9 charges left.
You swap places.
Items here: (( ) [ an enchanted eveningstar; a shiny chain mail; 3 throwing nets; a throwing net
k - an enchanted eveningstar;
l - a throwing net
l - 4 throwing nets (gained 3);
m - a shiny chain mail
Things that are here:
a giant club; a hill giant corpse
Found a fizzy pink potion.
Found a stone staircase leading down.
Found a dagger.
n - a book of Changes
There are no items here.
Found 22 gold pieces.
You see here a dagger.
Found a stone staircase leading down.
Harold is no longer charmed.
Harold casts a spell at you. The bolt of fire hits you!
Ouch! That really hurt!
You die...

####.##.#######
...............
##.#....#######
.. #..#.# #
#....# #.#..#
.#.#.#.@#
........#
##.#.#.@#
#.#..# # #.># {
.... .#.## #.#.
# ##


You could see Harold.

Vanquished Creatures (collateral kills)
  A hill giant (D:12)
1 creature vanquished.

Vanquished Creatures (others)
  Maud (D:12)
1 creature vanquished.

Grand Total: 2 creatures vanquished

Notes
Turn   | Place    | Note
--------------------------------------------------------------
     0 | D:1      | Jmtri7 the Formicid Artificer began the quest for the Orb.
     0 | D:1      | Reached XP level 1. HP: 15/15 MP: 3/3
    37 | D:1      | You fall through a shaft!
    54 | D:2      | You fall through a shaft for 2 floors!
    60 | D:4      | You fall through a shaft for 3 floors!
    60 | D:7      | Noticed a worker ant
    63 | D:7      | You fall through a shaft for 2 floors!
    66 | D:9      | You fall through a shaft for 3 floors!
   101 | D:12     | Got a colourful robe
   112 | D:12     | Identified the +1 robe of Desa {rN++ MR+ Str+4 Stlth-} (You found it on level 12 of the Dungeon)
   178 | D:12     | Noticed Maud
   188 | D:12     | Noticed a hill giant
   191 | D:12     | Noticed Harold
   201 | D:12     | Killed a hill giant
   201 | D:12     | Reached skill level 7 in Evocations
   201 | D:12     | Reached XP level 2. HP: 21/21 MP: 3/6
   201 | D:12     | Reached XP level 3. HP: 26/26 MP: 4/8
   201 | D:12     | Reached XP level 4. HP: 32/32 MP: 4/9
   201 | D:12     | Reached XP level 5. HP: 37/37 MP: 4/10
   201 | D:12     | Reached XP level 6. HP: 43/43 MP: 4/11
   207 | D:12     | Your ally died
   237 | D:12     | Killed from afar by Harold

Vault maps used:
D:1:      roderic_dead_forest, minmay_box_of_dots
D:2:      minmay_door_square, minmay_misc_feat_pillars
D:4:      nicolae_qazlal_eye_of_the_storm, serial_shops, kennysheep_mini_moat,
          kennysheep_mini, shop
D:7:      minmay_temple_entry_statues_pillars
D:9:      uniq_erica, uniq_erolcha
D:12:     david_orc_2, uniq_maud, uniq_harold

Action                   |  1- 3 |  4- 6 || total
-------------------------+-------+-------++-------
 Abil: Shaft Self        |     5 |       ||     5
Evoke: Wand              |     3 |     3 ||     6
